 Dungeon Crawl Stone Soup version 0.30-a0-622-gddc90eaa04 (webtiles) character file.

Game seed: 4232338712331663954

1198 tilp the Ducker (level 9, -2/111 HPs)
             Began as a Meteoran Fighter on Jan 10, 2023.
             Was an Initiate of Okawaru.
             Killed from afar by a steam dragon (5 damage)
             ... with a ball of steam
             ... on level 7 of the Dungeon.
             The game lasted 00:11:44 (2402 turns).

tilp the Ducker (Meteoran Fighter)                  Turns: 2402, Time: 00:11:45

Health: -2/111     AC: 24    Str: 19    XL:     9   Next: 2%
Magic:  10/10      EV:  2    Int: 10    God:    Okawaru [......]
Gold:   173        SH:  5    Dex: 17    Spells: 8/8 levels left

rFire   + . .      SeeInvis .    a - +0 long sword
rCold   . . .      Faith    .    c - +0 buckler
rNeg    . . .      Spirit   .    (body armour currently unavailable)
rPois   +          Reflect  .    (helmet currently unavailable)
rElec   .          Harm     .    (cloak currently unavailable)
rCorr   +          Rampage  .    (gloves currently unavailable)
Will    +....      NoTele   +    (boots currently unavailable)
Stlth   +                        (no amulet)
HPRegen 0.38/turn                f - ring of resist corrosion
MPRegen 0.12/turn                y - ring of protection from fire

@: tree-form, hasted, glowing, very quick
A: stationary, stasis, torment immunity, boosted hp, sense surroundings 2,
otherworldly, glowing, explore regen
a: Renounce Religion


You were on level 7 of the Dungeon.
You worshipped Okawaru.
Okawaru was noncommittal.
You were a tree.
You visited 1 branch of the dungeon, and saw 7 of its levels.

You collected 284 gold pieces.
You spent 111 gold pieces at shops.

Inventory:

Hand Weapons
 a - a +0 long sword (weapon)
Missiles
 g - 15 stones (quivered)
 h - 4 javelins
 l - 2 poisoned darts
Armour
 b - a +0 scale mail
 c - a +0 buckler (worn)
 p - a +0 chain mail (melded)
 q - a +0 helmet (melded)
 x - a +0 cloak (melded)
Jewellery
 f - a ring of resist corrosion (left branch)
 y - a ring of protection from fire (right branch)
Wands
 v - a wand of digging (6)
 z - a wand of flame (20)
 A - a wand of polymorph (13)
Scrolls
 d - a scroll of fear
 i - a scroll of identify
 j - a scroll of vulnerability {unknown}
 n - a scroll of enchant weapon {unknown}
 o - a scroll of butterflies {unknown}
 r - a scroll of magic mapping {unknown}
 s - a scroll of torment {unknown}
 u - a scroll of silence {unknown}
 w - 2 scrolls of teleportation
 B - a scroll of poison {unknown}
Potions
 e - 3 potions of lignification
 k - 4 potions of flight


   Skills:
 + Level 5.4 Fighting
 + Level 5.6 Long Blades
 - Level 2.0 Throwing
 + Level 5.6 Armour
 + Level 5.6 Dodging
 + Level 3.3 Stealth
 - Level 4.0 Shields


You had 8 spell levels left.
You didn't know any spells.
Your spell library was empty.

Dungeon Overview and Level Annotations

Branches:
Dungeon (7/15) Zot: 1693
 Temple: D:4-7

Altars:
Elyvilon
Gozag
Okawaru
Ru
Zin

Shops:
D:3 (   D:4 [[

Annotations:
D:6 Pikel


Innate Abilities, Weirdness & Mutations

You are a tree.
Your roots penetrate the ground, keeping you stationary.
You cannot be teleported.
You are immune to unholy pain and torment.
Your maximum health is greatly increased.
Your equipment is partially melded.
You passively map the area around you.
You are easily found by Zot.
You glow in the dark.
You regain HP and MP as you explore.


Message History

The orc dies!
The ball of steam hits you. You resist.
* * * LOW HITPOINT WARNING * * *
You have reached level 9!
Your experience leads to an increase in your attributes!
Increase (S)trength, (I)ntelligence, or (D)exterity?
You feel agile. x2; You feel clever.
Your attunement to dungeon structure grows.
Unknown command.
Okay, then.
Unknown command.
Unknown command.
You barely miss the steam dragon.
Unknown command.
You hit the steam dragon.
The steam dragon is lightly wounded.
You block the steam dragon's attack.
The steam dragon claws you but does no damage.
You slash the steam dragon!
The steam dragon is heavily wounded.
You block the steam dragon's attack. The steam dragon completely misses you.
The orc priest is engulfed in a cloud of scalding steam.
The orc priest dies!
You hear a splash.
You hit the steam dragon but do no damage.
The steam dragon is heavily wounded.
You closely miss the steam dragon.
The steam dragon is heavily wounded.
The steam dragon bites you but does no damage.
The steam dragon claws you but does no damage.
You hit the steam dragon.
The steam dragon is heavily wounded.
The steam dragon bites you.
* * * LOW HITPOINT WARNING * * *
The steam dragon claws you but does no damage.
You hit the steam dragon.
The steam dragon is severely wounded.
The steam dragon breathes steam at you. The ball of steam hits you. You resist.
You die...

, * * ###,
, * #.# ,
* #.#, ~
,* * #.#
~~~~ * #.#
~ * , *
#.# ~ #.#
, ~ * * *
#♣# , ~~ *
* , , ,,,
, #D# ,, ,
,, ** #
##)# ,,, ,
, *
.###.#.)##
* * *+ ,
,,
.....#.).#
* .. ,
#......#
,#.
#.#.#...#
#. ,
..#....# *
* ##.# *
#.###..##
, [..


You could see a steam dragon (catching breath).

Vanquished Creatures
  Sigmund (D:6)
  A sky beast (D:7)
  An orc warrior (D:7)
  2 ogres
  A lemure (D:7)
  A phantom (D:6)
  A bullfrog (D:4)
  A scorpion (D:6)
  2 hounds (D:4)
  A gnoll bouda (D:6)
  Terence (D:3)
  2 iguanas (D:6)
  An orc wizard (D:7)
  16 gnolls
  2 adders
  A white imp (D:6)
  An ufetubus (D:6)
  2 worms
  3 dart slugs
  10 orcs
  9 endoplasms
  2 giant cockroaches
  5 goblins
  4 hobgoblins
  2 quokkas
  8 ball pythons
  6 bats
  3 frilled lizards
  3 kobolds
  2 rats
95 creatures vanquished.

Vanquished Creatures (others)
  An orc priest (D:7)
  An orc (D:7)
2 creatures vanquished.

Grand Total: 97 creatures vanquished

Notes
Turn   | Place    | Note
-------+----------+-------------------------------------------
     0 | D:1      | tilp the Meteoran Fighter began the quest for the Orb.
     0 | D:1      | Reached XP level 1. HP: 19/19 MP: 2/2
    29 | D:1      | Reached XP level 2. HP: 25/26 MP: 3/3
    80 | D:1      | Reached skill level 1 in Dodging
   129 | D:1      | Reached XP level 3. HP: 31/31 MP: 4/4
   318 | D:3      | Found a glowing silver altar of Zin.
   377 | D:3      | Noticed Terence
   393 | D:3      | Killed Terence
   394 | D:3      | Reached XP level 4. HP: 17/38 MP: 5/5
   417 | D:3      | Reached skill level 1 in Stealth
   429 | D:3      | Found Peimehaa's Weapon Emporium.
   453 | D:3      | Bought 2 poisoned darts for 8 gold pieces
   556 | D:2      | Reached XP level 5. HP: 40/46 MP: 6/6
   829 | D:4      | Found Coqyradgh's Antique Armour Shoppe.
   836 | D:4      | Bought a helmet for 103 gold pieces
   903 | D:4      | Noticed a bullfrog
   905 | D:4      | Found an opulent altar of Gozag.
   914 | D:4      | Killed a bullfrog
   915 | D:4      | Reached XP level 6. HP: 31/52 MP: 7/7
   983 | D:4      | Found Effihakh's Armour Emporium.
  1048 | D:4      | Found a sacrificial altar of Ru.
  1135 | D:5      | Entered Level 5 of the Dungeon
  1168 | D:4      | Noticed an ogre
  1172 | D:4      | HP: 2/52 [ogre/+0 giant spiked club (21)]
  1179 | D:4      | Killed an ogre
  1180 | D:4      | Reached skill level 1 in Throwing
  1180 | D:4      | Reached XP level 7. HP: 13/59 MP: 8/8
  1278 | D:4      | HP: 2/88 [gnoll/+0 halberd (11)]
  1650 | D:4      | You fall into a shaft and drop 1 floor!
  1822 | D:6      | Reached XP level 8. HP: 47/67 MP: 9/9
  1842 | D:6      | Noticed Sigmund
  1916 | D:6      | Reached skill level 5 in Armour
  1924 | D:6      | Reached skill level 5 in Dodging
  1931 | D:6      | Reached skill level 5 in Long Blades
  1968 | D:6      | Killed Sigmund
  1969 | D:6      | Reached skill level 5 in Fighting
  2011 | D:6      | Found a white marble altar of Elyvilon.
  2109 | D:6      | Noticed Pikel
  2196 | D:6      | Found an iron altar of Okawaru.
  2208 | D:6      | Became a worshipper of Warmaster Okawaru
  2382 | D:7      | Noticed a steam dragon
  2392 | D:7      | HP: 5/102 [orc warrior/+0 hand axe (4)]
  2393 | D:7      | HP: 2/102 [something/ball of steam (4)]
  2394 | D:7      | Gained mutation: You passively map the area around you.
                  | [Meteoran growth]
  2394 | D:7      | Reached XP level 9. HP: 2/74 MP: 10/10
  2401 | D:7      | HP: 3/111 [steam dragon (1)]
  2402 | D:7      | Killed from afar by a steam dragon

Illustrated notes

Levels and vault maps discovered:
D:1:      lightli_molten_gateway, layout_loops_cross
D:2:      wad_river_or_something, layout_basic, uniq_crazy_yiuf_cottage
D:3:      layout_loops_ring, zin_academy, serial_shops, shop_coins, uniq_terence
D:4:      layout_gridville, general_overflow_altar, grunt_gozag_statues,
          serial_shops, nicolae_shop_crystal, shop, st_stairs_5
D:5:      layout_cave_pods, kiku_gazebo_pond_becter,
          minmay_temple_entry_butterflies, minmay_manual_monstrance
D:6:      layout_layer_cave, elyvilon_altar_1, lemuel_doored_altar,
          mainiacjoe_overflow_small_starburst, uniq_sigmund, uniq_pikel
D:7:      layout_loops_ring, kennysheep_pointless_box, minmay_misc_feat_ornament

Skill      XL: |  1  2  3  4  5  6  7  8 |
---------------+-------------------------+-----
Dodging        | 1 2 3 4 5 |  5.6
Armour         | 4 5 |  5.6
Shields        | 4 |  4.0
Stealth        | 1 2 3 |  3.3
Long Blades    | 3 4 5 |  5.6
Fighting       | 4 5 |  5.4
Throwing       | 1 2 |  2.0

Action                   |  1- 3 |  4- 6 |  7- 9 || total
-------------------------+-------+-------+-------++-------
Melee: Long sword        |    73 |   135 |   225 ||   433
Throw: Dart              |       |     1 |     2 ||     3
       Stone             |       |       |     2 ||     2
  Use: Potion            |       |     4 |     7 ||    11
       Scroll            |       |       |     5 ||     5
Armor: Scale mail        |    36 |    27 |       ||    63
       Chain mail        |       |    38 |   117 ||   155
       Skin              |       |     1 |    19 ||    20
Dodge: Dodged            |    23 |    49 |    83 ||   155
Block: Buckler           |    15 |    36 |    53 ||   104

Table legend: (Time is in decaauts)
 A = Elapsed time spent in this place.
 B = Non-inter-level travel time spent in this place.
 C = Inter-level travel time spent in this place.
 D = Time resting spent in this place.
 E = Time spent auto-exploring this place.
 F = Levels seen in this place.
 G = Mean time per level.
                   A        B        C        D        E       F      G
               +--------+--------+--------+--------+--------+-----+--------+
         Total |   2505 |   2166 |    339 |     57 |      0 |   7 |  357.9 |
       Dungeon |   2505 |   2166 |    339 |     57 |      0 |   7 |  357.9 |
               +--------+--------+--------+--------+--------+-----+--------+

Top non-repeatable levels by time:
     D:4: 778 daAuts
     D:6: 607 daAuts
     D:3: 464 daAuts
     D:1: 215 daAuts
     D:2: 179 daAuts
     D:5: 132 daAuts
     D:7: 128 daAuts
